Map: Battle on the Boardwalk LE

Players

ТаткоСмърф

  • Race: Protoss Protoss
  • Spawn Location: 11:00

Dessa - Winner!

  • Race: Zerg Zerg
  • League: Diamond
  • Spawn Location: 1:00

VOD

Have the link to the VOD?

Description

Time

  • Played on: Dec. 9, 2017, 5:01 p.m.
  • Length: 9:46
Show
View Real Time Build Order
Export as new Build Order

ТаткоСмърф Protoss 

Build Orders:  

Get SALT Encoding   

  12  0:04  Probe  
  13  0:17  Pylon  
  13  0:22  Probe  
  14  0:46  Gateway  
  15  0:50  Probe (Chrono Boost)  
  15  0:55  Assimilator  
  15  1:00  Assimilator  
  15  1:02  Probe (Chrono Boost)  
  16  1:08  Probe (Chrono Boost)  
  17  1:13  Pylon  
  17  1:16  Probe (Chrono Boost)  
  19  1:28  Probe (Chrono Boost)  
  19  1:32  Probe (Chrono Boost)  
  20  1:35  Pylon  
  20  1:40  Cybernetics Core  
  20  1:43  Zealot  
  20  1:46  Probe  
  23  1:58  Probe  
  24  2:07  Gateway  
  24  2:12  Probe  
  25  2:17  Warp Gate (Chrono Boost)  
  25  2:35  Nexus  
  25  2:40  Adept  
  27  2:47  Probe  
  28  3:08  Shield Battery  
  28  3:45  Probe  
  28  3:48  Probe  
  30  3:55  Gateway  
  30  3:58  Probe, Gateway  
  30  4:00  Probe  
  30  4:01  Stargate  
  32  4:05  Stargate  
  32  4:07  Stalker x2  
  36  4:12  Probe  
  37  4:24  Probe (Chrono Boost)  
  39  4:36  Probe (Chrono Boost)  
  40  4:41  Probe (Chrono Boost)  
  40  4:42  Assimilator  
  40  4:43  Probe x2 (Chrono Boost)  
  42  4:50  Probe, Zealot  
  42  4:51  Zealot  
  47  4:55  Probe  
  47  4:56  Assimilator  
  48  5:03  Pylon  
  54  5:07  Oracle x2 (Chrono Boost)  
  54  5:20  Pylon  
  54  5:21  Probe x2  
  56  5:23  Pylon  
  56  5:33  Probe x2  
  54  6:14  Void Ray (Chrono Boost)  
  59  6:19  Stalker x4  
  59  6:24  Void Ray (Chrono Boost)  
  67  6:28  Pylon  
  67  6:33  Pylon  
  67  6:34  Probe x2  
  73  6:41  Void Ray (Chrono Boost)  
  73  6:45  Shield Battery  
  73  6:46  Probe x2, Void Ray  
  79  6:47  Shield Battery  
  79  6:58  Probe x2  
  81  7:10  Probe  
  81  7:11  Sentry x2  
  81  7:12  Sentry  
  88  7:19  Void Ray  
  92  7:38  Nexus  
  92  7:40  Pylon  
  92  7:42  Protoss Air Weapons Level 1 (Chrono Boost), Pylon  
  92  7:44  Pylon  
  92  7:45  Pylon  
  92  7:47  Assimilator  
  92  7:51  Forge  
  92  7:54  Zealot  
  92  7:58  Void Ray  
  98  8:18  Void Ray  
  80  8:54  Zealot x4  
  66  9:01  Void Ray x2 (Chrono Boost)  
  72  9:17  Zealot  
  72  9:18  Stalker x3  
Show
View Real Time Build Order
Export as new Build Order

Dessa Zerg - Winner!

Build Orders: Hatch First 

Get SALT Encoding   

  12  0:01  Drone  
  13  0:12  Overlord  
  13  0:22  Drone  
  14  0:31  Drone x2  
  16  0:38  Drone  
  17  0:55  Hatchery  
  16  0:58  Drone  
  17  1:05  Drone  
  17  1:06  Extractor  
  17  1:10  Drone  
  18  1:22  Spawning Pool  
  17  1:31  Drone  
  17  1:32  Drone  
  19  1:39  Drone  
  20  1:49  Drone  
  21  2:00  Overlord  
  21  2:09  Zergling x2  
  21  2:10  Queen x2  
  21  2:13  Drone  
  27  2:16  Metabolic Boost  
  27  2:22  Overlord  
  27  2:26  Drone  
  28  2:30  Drone  
  28  2:34  Drone  
  30  2:39  Extractor  
  30  2:40  Drone  
  30  2:43  Drone  
  31  2:50  Queen  
  33  3:02  Drone  
  33  3:04  Drone  
  35  3:40  Drone x2  
  37  3:48  Zergling x4  
  39  3:50  Hatchery  
  39  3:55  Lair  
  38  3:57  Drone x2  
  38  3:58  Overlord  
  38  4:01  Drone x3  
  38  4:02  Drone  
  44  4:07  Roach Warren  
  44  4:08  Drone, Overlord  
  44  4:16  Drone x2  
  45  4:50  Drone x3, Extractor, Overlord  
  45  4:51  Drone, Extractor  
  45  4:52  Drone x2  
  49  4:53  Overlord  
  49  4:59  Glial Reconstitution  
  49  5:01  Drone x3  
  49  5:02  Roach x2  
  49  5:03  Roach  
  49  5:04  Queen  
  60  5:13  Overlord  
  60  5:14  Overlord  
  60  5:16  Pneumatized Carapace  
  60  5:21  Evolution Chamber x2  
  59  5:22  Drone x2  
  59  5:28  Drone x2, Roach x2  
  66  5:29  Overlord  
  66  5:30  Drone x2  
  66  5:31  Roach x2  
  71  5:55  Spore Crawler x2  
  71  5:56  Spore Crawler  
  68  5:57  Spore Crawler  
  68  5:59  Spore Crawler  
  60  6:16  Drone x3  
  60  6:17  Drone x2  
  60  6:18  Drone x2  
  67  6:21  Roach x2  
  67  6:22  Roach x6  
  83  6:36  Drone x4  
  83  6:37  Overlord  
  83  6:38  Roach x2  
  83  6:39  Zerg Missile Weapons Level 1  
  91  6:45  Zerg Ground Armor Level 1  
  91  7:02  Hydralisk Den  
  92  7:08  Roach x3  
  92  7:09  Roach x5  
  92  7:10  Overlord  
  106  7:27  Queen x2  
  110  7:36  Drone x4  
  114  7:38  Extractor  
  114  7:40  Drone  
  114  7:41  Extractor  
  114  7:42  Overlord x2  
  113  7:44  Muscular Augments  
  113  8:00  Zergling x4  
  113  8:03  Hydralisk x7  
  117  8:28  Roach x2, Hydralisk x3  
  117  8:30  Overlord x2  
  111  8:53  Roach x2, Hydralisk x2  
  119  9:16  Hatchery  
  117  9:45  Infestation Pit  
Tags
 
League
Diamond
Matchup
PvZ
Replay Pack
2017S4
Spawn Locations
Close Positions
Add a new tag
Caveats
  • Supply blocks, unpowered buildings, or Contaminate may cause inaccurate times.
  • Supply counts are checked every 10 seconds.